 Dungeon Crawl Stone Soup version 0.29-a0-356-g7bc237e783 (webtiles) character file.

Game seed: 3568353631053573650

65234 chopper the Severer (level 14, -7/118 HPs)
             Began as a Deep Dwarf Fighter on Apr 22, 2022.
             Was the Champion of Qazlal.
             Mangled by an orc knight
             ... wielding a +0 battleaxe
              (22 damage)
             ... on level 2 of the Orcish Mines on Apr 26, 2022.
             The game lasted 03:33:21 (21678 turns).

chopper the Severer (Deep Dwarf Fighter)           Turns: 21678, Time: 03:33:22

Health: -7/118     AC: 30    Str: 21    XL:     14   Next: 74%
Magic:  0/0        EV:  8    Int: 13    God:    Qazlal [******]
Gold:   1435       SH: 19    Dex: 16    Spells: 13/13 levels left

rFire   x . .      SeeInvis +   Q - +4 spear (freeze)
rCold   . . .      Faith    .   m - +4 buckler of Disaster {rF- rCorr Int+4 SInv}
rNeg    + . .      Spirit   .   f - +0 plate armour
rPois   .          Reflect  .   w - +2 helmet
rElec   .          Harm     .   H - +2 cloak
rCorr   +          Rampage  .   (no gloves)
Will    ++...                   R - +0 pair of boots
Stlth   ..........              k - amulet of the acrobat
HPRegen 0.00/turn               u - +4 ring of slaying
MPRegen 0.07/turn               M - +4 ring of protection

@: protected from physical damage, repel missiles
A: damage resistance, heal wounds, negative energy resistance 1, sense
surroundings 2, no regeneration, frail 1, MP-powered wands
a: Heal Wounds, Renounce Religion, Upheaval, Elemental Force, Disaster Area


You were on level 2 of the Orcish Mines.
You worshipped Qazlal.
Qazlal was exalted by your worship.
You visited 6 branches of the dungeon, and saw 22 of its levels.
You also visited: Sewer.

You collected 1435 gold pieces.

Inventory:

Hand Weapons
 a - a +2 war axe
 o - a +4 war axe of distortion
 p - the +6 spear of Yhuvuacea {speed, rC+ Int+5}
   (You found it on level 4 of the Lair of Beasts)

   Attacks with this weapon are significantly faster.
   Int:       It affects your intelligence (+5).
   rC:        It protects you from cold.
 A - a +4 mace
 C - a +2 flail of holy wrath
 E - a +2 great sword of flaming
 F - the +10 hunting sling "Awonuam" {venom, rN++ rCorr Int+3 Dex-3}
   (You found it on level 5 of the Dungeon)

   Any ammunition fired from it poisons the flesh of those it strikes.
   Int:       It affects your intelligence (+3).
   Dex:       It affects your dexterity (-3).
   rN:        It greatly protects you from negative energy.
   rCorr:     It protects you from acid and corrosion.
 Q - a +4 spear of freezing (weapon)
 T - a +3 war axe
 U - a +0 double sword
 V - a +3 longbow of flaming
Missiles
 b - 13 large rocks
 s - 8 boomerangs (quivered)
 J - 365 stones
 W - 6 atropa-tipped darts
Armour
 f - a +0 plate armour (worn)
 m - the +4 buckler of Disaster (worn) {rF- rCorr Int+4 SInv}
   (You found it on level 2 of the Dungeon)

   Int:       It affects your intelligence (+4).
   rF:        It makes you vulnerable to fire.
   SInv:      It lets you see invisible.
   rCorr:     It protects you from acid and corrosion.
 w - a +2 helmet (worn)
 G - an orb of wrath
 H - a +2 cloak (worn)
 R - a +0 pair of boots (worn)
Jewellery
 d - a ring of protection from cold
 k - an amulet of the acrobat (around neck)
 u - a +4 ring of slaying (left hand)
 v - a ring of see invisible
 y - a +6 ring of strength
 M - a +4 ring of protection (right hand)
Wands
 h - a wand of iceblast (3)
 l - a wand of paralysis (1)
 I - a wand of polymorph (6)
 L - a wand of digging (5)
 Z - a wand of flame (13)
Scrolls
 g - 5 scrolls of teleportation
 n - 5 scrolls of fog
 t - a scroll of fear
 P - a scroll of magic mapping
 X - a scroll of silence
Potions
 c - 2 potions of cancellation
 e - a potion of haste
 i - 4 potions of lignification
 j - 4 potions of magic
 x - 8 potions of curing
 B - a potion of brilliance
 D - a potion of resistance {unknown}
 K - 6 potions of invisibility
 S - a potion of flight {unknown}
Miscellaneous
 Y - a phial of floods (inert)


   Skills:
 + Level 10.1 Fighting
 + Level 16.1(17.2) Axes
 + Level 4.9(10.8) Maces & Flails
 + Level 7.1(11.3) Polearms
 + Level 1.1(4.6) Slings
 + Level 6.0 Throwing
 + Level 11.7 Armour
 + Level 3.1 Dodging
 + Level 4.0 Stealth
 + Level 12.8 Shields
 + Level 0.5 Invocations
 + Level 3.0 Evocations


You had 13 spell levels left.
You didn't know any spells.
Your spell library contained the following spells:

 Spells                   Type           Power      Damage    Failure   Level
 Animate Skeleton         Necr           0%         N/A       99%         1
 Apportation              Tloc           0%         N/A       99%         1
 Beastly Appendage        Tmut           0%         N/A       99%         1
 Sandblast                Erth           0%         2d4       99%         1
 Summon Small Mammal      Summ           0%         N/A       99%         1
 Corpse Rot               Necr/Air       0%         N/A       100%        2
 Passwall                 Tmut/Erth      0%         N/A       100%        2
 Poisonous Vapours        Pois/Air       0%         N/A       100%        2
 Static Discharge         Conj/Air       0%         N/A       100%        2
 Wereblood                Tmut           0%         N/A       100%        2
 Call Canine Familiar     Summ           0%         N/A       100%        3
 Gell's Gravitas          Tloc           0%         N/A       100%        3
 Ignite Poison            Fire/Tmut/Pois 0%         N/A       100%        3
 Lesser Beckoning         Tloc           0%         N/A       100%        3
 Mephitic Cloud           Conj/Pois/Air  0%         N/A       100%        3
 Portal Projectile        Hex/Tloc       0%         N/A       100%        3
 Spider Form              Tmut/Pois      0%         N/A       100%        3
 Stone Arrow              Conj/Erth      0%         3d7       100%        3
 Summon Guardian Golem    Hex/Summ       0%         N/A       100%        3
 Teleport Other           Tloc           0%         N/A       100%        3
 Tukima's Dance           Hex            0%         N/A       100%        3
 Airstrike                Air            0%         N/A       100%        4
 Animate Armour           Summ/Erth      0%         N/A       100%        4
 Hailstorm                Conj/Ice       0%         3d3       100%        4
 Ice Form                 Ice/Tmut       0%         N/A       100%        4
 Leda's Liquefaction      Hex/Erth       0%         N/A       100%        4
 Passage of Golubria      Tloc           0%         N/A       100%        4
 Summon Lightning Spire   Summ/Air       0%         N/A       100%        4
 Blade Hands              Tmut           0%         N/A       100%        5
 Freezing Cloud           Conj/Ice/Air   0%         6-21      100%        5
 Lightning Bolt           Conj/Air       0%         1d11      100%        5
 Yara's Violent Unravell  Hex/Tmut       0%         3d3       100%        5
 Iron Shot                Conj/Erth      0%         9d1       100%        6
 Simulacrum               Ice/Necr       0%         N/A       100%        6
 Maxwell's Capacitive Co  Air            0%         ∞         100%        8


Dungeon Overview and Level Annotations

Branches:
Dungeon (12/15)            Temple (0/1) D:5            Lair (5/6) D:9
  Swamp (1/4) Lair:3        Snake (1/4) Lair:4        Slime (1/5) Lair:5
    Orc (2/2) D:12            Elf (0/3) Orc:2         Sewer (visited)

Altars:
Ashenzari
Dithmenos
Gozag
Hepliaklqana
Nemelex Xobeh
Qazlal
Vehumet
Xom
Zin
Beogh

Annotations:
D:10 1 runed translucent door
Lair:3 2 runed translucent doors, iguanaiguana's ghost, journeyman MiCK
Orc:2 1 runed translucent door, Laraso's ghost, journeyman TeMo


Innate Abilities, Weirdness & Mutations

You are resistant to damage.
You can heal yourself by infusing magical energy.
You resist negative energy. (rN+)
You passively map the area around you.
You do not regenerate.
You are frail. (-10% HP)
You expend magic power (3 MP) to strengthen your wands.


Message History

You hit the orc priest. You freeze the orc priest.
The orc priest is moderately wounded.
You barely miss the orc priest.
The orc priest is moderately wounded.
You block the orc knight's attack.
The orc priest calls upon Beogh to heal the orc knight.
The orc knight is healed somewhat.
You hit the orc priest but do no damage.
The orc priest is moderately wounded.
Aiming: Paralyse
Press: ? - help, Shift-Dir - straight line, f - orc knight
Aim: an orc knight, wielding a +0 battleaxe and wearing a +0 plate armour (sparse dust, moderately wounded, strong, chance to affect: 38%)
The orc knight resists with some effort.
You block the orc knight's attack. You block the orc priest's attack.
Aiming: Paralyse
Press: ? - help, Shift-Dir - straight line, f/p - orc knight
Aim: an orc knight, wielding a +0 battleaxe and wearing a +0 plate armour (sparse dust, moderately wounded, strong, chance to affect: 38%)
The orc knight resists with some effort.
You are no longer corroded.
The orc knight completely misses you. You block the orc priest's attack.
Aiming: Paralyse
Press: ? - help, Shift-Dir - straight line, f/p - orc knight
Aim: an orc knight, wielding a +0 battleaxe and wearing a +0 plate armour (sparse dust, moderately wounded, strong, chance to affect: 38%)
The orc knight resists with some effort.
The orc priest no longer looks unusually strong.
The orc knight hits you with a +0 battleaxe!!
* * * LOW HITPOINT WARNING * * *
You feel protected from physical attacks.
You block the orc priest's attack.
You barely miss the orc knight.
The orc knight is moderately wounded.
The orc knight hits you but does no damage.
You block the orc priest's attack.
You puncture the orc knight! You freeze the orc knight.
The orc knight is heavily wounded.
Okay, then.
You hit the orc knight. You freeze the orc knight.
The orc knight is heavily wounded.
The orc knight hits you with a +0 battleaxe!!
You die...

, * ##............# * ....###
#.............. , ,
.÷...#.#..............
,÷...##........#.#...[ ,
,÷.÷.##.............. , ,
....###....[....... ** , ,
*o§.##.....[.[..... , ,
#oo.#.....[)[.[[..
##@.°##.#.#..)[..†.
###°§☼.###.##.)......
#######..○°.###...[.[....#.
###..........####...)..#....#
##.#.........###....#.(.....##
#..........####......#..).###
##........######..#o.#.).##
#............###....))...#
##.............##....##.##


You could see 2 orc knights and an orc priest.

Vanquished Creatures
  Rupert (Orc:2)
  An acid blob (Lair:5)
  An orc warlord (Orc:2)
  Nessos (Lair:4)
  An ettin (Orc:1)
  An ogre mage (D:11)
  A boulder beetle (D:10)
  5 hydras
  2 centaur warriors
  A death knight (D:9)
  5 two-headed ogres
  2 orc high priests (Orc:2)
  3 skeletal warriors
  3 bog bodies
  4 orc knights (Orc:2)
  A phantasmal warrior (D:9)
  A deep elf pyromancer (D:11)
  3 ugly things (D:10)
  A shining eye (Lair:5)
  2 orc sorcerers (Orc:2)
  4 cyclopes
  7 elephants
  A naga mage (Snake:1)
  7 black mambas
  4 rime drakes
  5 kobold demonologists (D:11)
  A torpor snail (Lair:2)
  11 cane toads
  8 komodo dragons
  An unseen horror (D:11)
  A burning bush (Lair:4)
  A freezing wraith (D:9)
  7 trolls
  A merfolk (D:12)
  A tyrant leech (Swamp:1)
  3 hornets (Lair:3)
  4 blink frogs (Lair:1)
  10 slime creatures (Lair:5)
  3 wraiths
  2 shadows
  12 spriggans (Lair:3)
  A wyvern (Lair:4)
  40 yaks
  A golden eye (Slime:1)
  2 basilisks (Lair:3)
  2 steam dragons (D:9)
  A swamp worm (shapeshifter) (D:11)
  7 wargs
  A swamp worm (Swamp:1)
  An acid dragon (shapeshifter) (D:11)
  An acid dragon (D:11)
  12 water moccasins
  2 ice beasts
  28 orc warriors
  A swamp drake (Lair:3)
  Pargi (Sewer)
  2 sky beasts
  2 black bears
  3 boggarts (Lair:3)
  7 ogres
  A centaur (D:7)
  5 wolves (Lair:2)
  6 kobold brigands
  21 bullfrogs
  A gnoll sergeant (D:6)
  7 necrophages
  2 scorpions
  15 wights
  4 killer bees (D:8)
  2 howler monkeys
  5 jellies
  3 hounds
  21 orc priests
  Jessica (D:3)
  6 iguanas
  2 hell rats (Lair:1)
  24 orc wizards
  Robin (D:3)
  3 gnolls (D:6)
  9 adders
  8 river rats
  2 white imps (D:6)
  An ufetubus (D:6)
  2 worms (D:3)
  3 dart slugs
  71 orcs
  11 ball pythons
  5 bats
  6 endoplasms
  6 giant cockroaches
  9 goblins
  8 hobgoblins
  2 jackals (D:2)
  6 quokkas
  5 frilled lizards
  36 kobolds
  11 rats
580 creatures vanquished.

Vanquished Creatures (collateral kills)
  2 orc priests (Orc:1)
  2 orc wizards (Orc:1)
  7 orcs
11 creatures vanquished.

Vanquished Creatures (others)
  2 orc wizards (Orc:2)
  An orc (Orc:2)
  48 fungi
  52 plants
  A withered plant (D:1)
104 creatures vanquished.

Grand Total: 695 creatures vanquished

Notes
Turn   | Place    | Note
-------+----------+-------------------------------------------
     0 | D:1      | chopper the Deep Dwarf Fighter began the quest for the Orb.
     0 | D:1      | Reached XP level 1. HP: 20/20 MP: 1/1
   421 | D:1      | Reached XP level 2. HP: 25/27 MP: 2/2
   505 | D:1      | Found a faded altar of an unknown god.
  1232 | D:2      | Reached XP level 3. HP: 27/34 MP: 3/3
  1313 | D:2      | Identified the +4 buckler of Disaster {rF- rCorr Int+4
                  | SInv}
  1369 | D:2      | Noticed a necrophage
  1379 | D:2      | Killed a necrophage
  1380 | D:2      | Reached skill level 3 in Axes
  1380 | D:2      | Reached XP level 4. HP: 31/42 MP: 4/4
  1719 | D:2      | Reached skill level 4 in Axes
  1724 | D:2      | Found a glowing silver altar of Zin.
  1961 | D:3      | Noticed Jessica
  1967 | D:3      | Killed Jessica
  1968 | D:3      | Reached XP level 5. HP: 27/49 MP: 5/5
  2564 | D:3      | Noticed Robin
  2574 | D:3      | Killed Robin
  2876 | D:4      | Reached skill level 5 in Axes
  2915 | D:4      | Found a glowing drain.
  2919 | Sewer    | Entered a sewer
  2943 | Sewer    | Noticed Pargi
  2960 | Sewer    | Killed Pargi
  2961 | Sewer    | Reached XP level 6. HP: 30/56 MP: 5/5
  3240 | D:4      | Reached skill level 6 in Axes
  3866 | D:5      | Entered Level 5 of the Dungeon
  3916 | D:5      | Reached XP level 7. HP: 44/62 MP: 6/6
  4049 | D:5      | Identified the +10 hunting sling "Awonuam" {venom, rN++
                  | rCorr Int+3 Dex-3}
  4101 | D:5      | Reached skill level 7 in Axes
  4101 | D:5      | Reached skill level 1 in Throwing
  4150 | D:5      | Reached skill level 5 in Armour
  4210 | D:5      | Found a staircase to the Ecumenical Temple.
  4539 | D:5      | Reached skill level 5 in Shields
  4765 | D:6      | Found a stormy altar of Qazlal.
  4795 | D:6      | Became a worshipper of Qazlal Stormbringer
  4831 | D:6      | Found an opulent altar of Gozag.
  4883 | D:6      | Reached XP level 8. HP: 39/72 MP: 7/7
  4937 | D:6      | Reached skill level 8 in Axes
  5623 | D:6      | Reached * piety under Qazlal
  5624 | D:6      | Reached skill level 9 in Axes
  5798 | D:7      | Reached skill level 1 in Dodging
  6252 | D:7      | Gained mutation: You passively map the area around you.
                  | [Deep Dwarf growth]
  6252 | D:7      | Reached XP level 9. HP: 53/79 MP: 8/8
  6407 | D:7      | Reached skill level 10 in Axes
  6730 | D:8      | Found a hazy altar of Hepliaklqana.
  6730 | D:8      | Found a broken altar of Ashenzari.
  6734 | D:8      | Found a sparkling altar of Nemelex Xobeh.
  6734 | D:8      | Found a shadowy altar of Dithmenos.
  6828 | D:8      | Reached skill level 1 in Maces & Flails
  6890 | D:8      | Reached ** piety under Qazlal
  7511 | D:9      | Reached skill level 5 in Fighting
  7610 | D:9      | Noticed a troll
  7626 | D:9      | Killed a troll
  7627 | D:9      | Reached skill level 11 in Axes
  7627 | D:9      | Reached XP level 10. HP: 61/88 MP: 9/9
  7634 | D:9      | Found a staircase to the Lair.
  7875 | D:9      | Noticed a phantasmal warrior
  7891 | D:9      | Killed a phantasmal warrior
  7896 | D:9      | Noticed a death knight
  7899 | D:9      | Noticed a skeletal warrior
  7900 | D:9      | Noticed a skeletal warrior
  7926 | D:8      | Killed a skeletal warrior
  7927 | D:8      | Reached skill level 12 in Axes
  8116 | Lair:1   | Entered Level 1 of the Lair of Beasts
  8184 | Lair:1   | Noticed a cane toad
  8191 | Lair:1   | Killed a cane toad
  8191 | Lair:1   | Reached *** piety under Qazlal
  8257 | Lair:1   | Noticed a cane toad
  8268 | Lair:1   | Killed a cane toad
  8378 | Lair:1   | Reached XP level 11. HP: 51/99 MP: 8/8
  8387 | Lair:1   | You fall into a shaft and drop 1 floor!
  8644 | Lair:1   | Reached skill level 1 in Polearms
  9375 | Lair:2   | Noticed a six-headed hydra
  9380 | Lair:2   | Killed a six-headed hydra
  9381 | Lair:2   | Reached skill level 13 in Axes
  9612 | Lair:2   | Reached **** piety under Qazlal
 10311 | D:10     | Entered Level 10 of the Dungeon
 10311 | D:10     | Found a radiant altar of Vehumet.
 10328 | D:9      | Reached skill level 1 in Stealth
 10599 | D:10     | Found a runed translucent door.
 10917 | D:10     | Reached skill level 5 in Throwing
 10925 | D:10     | Identified the +2 war axe of the Rescuing Gods {venom, rC+
                  | Will+ Stlth+}
 11167 | D:9      | Killed a death knight
 11174 | D:9      | Killed a skeletal warrior
 11175 | D:9      | Reached XP level 12. HP: 42/109 MP: 7/7
 11798 | D:11     | Noticed a six-headed hydra
 11810 | D:11     | Killed a six-headed hydra
 11998 | D:11     | Noticed a centaur warrior
 12181 | D:11     | Noticed a two-headed ogre
 12209 | D:11     | Killed a two-headed ogre
 12226 | D:11     | Noticed a four-headed hydra
 12238 | D:11     | Killed a four-headed hydra
 12267 | D:11     | Noticed a two-headed ogre
 12267 | D:11     | Noticed an ogre mage
 12300 | D:10     | Killed a two-headed ogre
 12876 | Lair:3   | Found a staircase to the Swamp.
 12890 | Lair:2   | Reached skill level 1 in Evocations
 12999 | Lair:3   | Reached skill level 14 in Axes
 13270 | Lair:3   | Reached skill level 10 in Shields
 13316 | Lair:3   | Reached skill level 10 in Armour
 13534 | Lair:3   | Reached XP level 13. HP: 70/118 MP: 7/7
 13608 | Lair:3   | Reached skill level 5 in Polearms
 13673 | Lair:3   | Found a large runed translucent door.
 13673 | Lair:3   | Found a large runed translucent door.
 13783 | Lair:3   | Reached ***** piety under Qazlal
 13994 | Lair:3   | Noticed iguanaiguana's ghost (journeyman MiCK)
 14699 | Swamp:1  | Entered Level 1 of the Swamp
 15161 | Lair:4   | Identified the +6 spear of Yhuvuacea {speed, rC+ Int+5}
 15268 | Lair:4   | Noticed Nessos
 15286 | Lair:4   | Killed Nessos
 15399 | Lair:4   | Found a staircase to the Snake Pit.
 15960 | Snake:1  | Entered Level 1 of the Snake Pit
 16148 | Lair:4   | Upgraded the game from 0.29-a0-344-ge2f44be95a to
                  | 0.29-a0-352-g0917bc69df
 16247 | Lair:5   | Found a staircase to the Slime Pits.
 17206 | Slime:1  | Entered Level 1 of the Pits of Slime
 17211 | Slime:1  | Gained mutation: You expend magic power (3 MP) to
                  | strengthen your wands. [a shining eye]
 17222 | Slime:1  | Noticed an acid blob
 17243 | Lair:5   | Gained mutation: You are frail. (-10% HP) [a shining eye]
 17258 | Lair:5   | HP: 1/108 [acid blob/splash of acid (5)]
 17616 | Lair:5   | Killed an acid blob
 18125 | D:10     | Reached skill level 1 in Slings
 18268 | D:11     | Reached skill level 15 in Axes
 18271 | D:11     | Gained mutation: You resist negative energy. (rN+) [Deep
                  | Dwarf growth]
 18271 | D:11     | Reached XP level 14. HP: 70/116 MP: 6/6
 19636 | D:12     | Found a staircase to the Orcish Mines.
 19933 | Orc:1    | Entered Level 1 of the Orcish Mines
 20208 | Orc:2    | Entered Level 2 of the Orcish Mines
 20233 | Orc:2    | Reached ****** piety under Qazlal
 20409 | Orc:2    | Found a staircase to the Elven Halls.
 20876 | Orc:2    | Found a runed translucent door.
 20877 | Orc:2    | Found a shimmering altar of Xom.
 20877 | Orc:2    | Noticed Laraso's ghost (journeyman TeMo)
 20994 | Orc:1    | Upgraded the game from 0.29-a0-352-g0917bc69df to
                  | 0.29-a0-356-g7bc237e783
 21060 | Orc:2    | Noticed an orc warlord
 21060 | Orc:2    | Identified the +4 hunting sling of the Enfolding Gods
                  | {flame, Drain rElec Will+ Int+3}
 21092 | Orc:2    | Killed an orc warlord
 21135 | Orc:2    | Noticed Rupert
 21167 | Orc:2    | Killed Rupert
 21168 | Orc:2    | Reached skill level 16 in Axes
 21241 | Orc:2    | Reached skill level 10 in Fighting
 21273 | Orc:2    | Noticed an orc warlord
 21387 | Orc:2    | Noticed an orc warlord
 21678 | Orc:2    | Mangled by an orc knight

Illustrated notes

Levels and vault maps discovered:
D:1:      nicolae_arrival_washed_ashore, layout_loops_corners,
          ebering_ecumenical_altar_petrified
D:2:      layout_loops_ring, basic_altar
D:3:      layout_loops_ring, uniq_jessica, uniq_robin
D:4:      layout_gridville, gup_sewer_entry_spiral
D:5:      cheibrodos_quashed, layout_loops_cross, minmay_temple_entry_poolview
D:6:      layout_basic, mainiacjoe_overflow_two_lobes
D:7:      layout_cave_pods, kennysheep_generic_room_10
D:8:      layout_cave_pools, chequers_temple_overflow_statue_of_worship
D:9:      layout_long_grid, due_lair_maze_entry_diamond
D:10:     layout_big_octagon, overflow_temple_1_default, minmay_st_funbox,
          hangedman_abyss_or_decor_lesser_grid
D:11:     layout_irregular_city, minivault_28
D:12:     layout_cave_pods, minmay_orc_entry_temple_small, hangedman_fish_farm
Lair:1:   layout_hall_layers, kennysheep_abandoned_house, serial_bayou_shore_a,
          lemuel_fruit_tree
Lair:2:   layout_cave_pods, chequers_serial_rivers_micro_b, roderic_carrion_pond
Lair:3:   kb_forest_paths, layout_gridlike, skrybe_swamp_entry_bodies,
          ebering_ghost_disaster_area
Lair:4:   layout_cave_pods, minmay_snake_entry_six_corridors, evilmike_ambush
          [evilmike_ambush_outer_corners, evilmike_ambush_inner_cross],
          uniq_nessos
Lair:5:   layout_cave_pods, nicolae_slime_entry_slimehenge, st_stairs_11
Swamp:1:  nicolae_swamp_secret_spriggan_hideout, layout_falls_marsh,
          lemuel_altar_in_water, nicolae_swamp_hydra_murder_den
Snake:1:  layout_concentric_octagons, uniq_aizul
Slime:1:  layout_caves
Orc:1:    layout_caves, basic_altar
Orc:2:    grunt_orc_tribal_feast, layout_caves, basic_altar, ebering_ghost_xom,
          minmay_orc_treasury, uniq_rupert

Skill      XL: |  1  2  3  4  5  6  7  8  9 10 11 12 13 14 |
---------------+-------------------------------------------+-----
Fighting       | 3 4 5 6 7 8 9 10 | 10.1
Axes           | 3 4 5 6 7 9 11 12 13 14 15 16 | 16.1
Armour         | 4 5 6 7 8 10 11 | 11.7
Shields        | 4 5 7 8 9 10 11 12 | 12.8
Throwing       | 1 2 3 5 6 |  6.0
Dodging        | 2 3 |  3.1
Maces & Flails | 2 4 |  4.9
Polearms       | 2 4 6 7 |  7.1
Stealth        | 1 3 4 |  4.0
Evocations     | 1 3 |  3.0
Slings         | 1 |  1.1
Invocations    | |  0.5

Action                   |  1- 3 |  4- 6 |  7- 9 | 10-12 | 13-15 || total
-------------------------+-------+-------+-------+-------+-------++-------
Melee: War axe           |    79 |   144 |   256 |   275 |   451 ||  1205
       Flail             |       |       |    22 |    62 |       ||    84
       Spear             |       |       |     7 |   253 |   371 ||   631
       Hunting sling     |       |       |       |       |     1 ||     1
 Fire: Hunting sling     |       |       |       |       |     7 ||     7
Throw: Javelin           |     4 |    10 |    14 |    26 |    16 ||    70
       Boomerang         |       |       |    13 |    29 |     8 ||    50
       Stone             |       |       |       |    62 |    27 ||    89
       Throwing net      |       |       |       |       |     6 ||     6
Invok: Upheaval          |       |       |       |     1 |     1 ||     2
 Abil: Heal Wounds       |       |     2 |     6 |    24 |    37 ||    69
Evoke: Wand              |       |       |       |     4 |    20 ||    24
       Phial of floods   |       |       |       |       |     2 ||     2
  Use: Scroll            |     1 |     5 |     7 |    15 |    16 ||    44
       Potion            |       |       |       |     8 |     5 ||    13
 Stab: Paralysed         |       |       |       |       |     8 ||     8
       Distracted        |       |       |       |       |     1 ||     1
       Held in net/web   |       |       |       |       |     1 ||     1
Armor: Plate armour      |    70 |   119 |   181 |   171 |   222 ||   763
Dodge: Dodged            |    25 |    26 |    75 |    92 |   165 ||   383
       Repelled          |       |       |       |     1 |     6 ||     7
Block: Buckler           |    25 |   100 |   191 |   315 |   583 ||  1214

Table legend: (Time is in decaauts)
 A = Elapsed time spent in this place.
 B = Non-inter-level travel time spent in this place.
 C = Inter-level travel time spent in this place.
 D = Time resting spent in this place.
 E = Time spent auto-exploring this place.
 F = Levels seen in this place.
 G = Mean time per level.
                   A        B        C        D        E       F      G
               +--------+--------+--------+--------+--------+-----+--------+
         Total |  21466 |  21466 |      0 |    330 |      0 |  23 |  933.3 |
       Dungeon |  12682 |  12682 |      0 |      0 |      0 |  12 | 1056.8 |
          Lair |   6894 |   6894 |      0 |    330 |      0 |   5 | 1378.8 |
         Swamp |     10 |     10 |      0 |      0 |      0 |   1 |   10.0 |
     Snake Pit |    176 |    176 |      0 |      0 |      0 |   1 |  176.0 |
    Slime Pits |     19 |     19 |      0 |      0 |      0 |   1 |   19.0 |
  Orcish Mines |   1499 |   1499 |      0 |      0 |      0 |   2 |  749.5 |
         Sewer |    183 |    183 |      0 |      0 |      0 |   1 |  183.0 |
               +--------+--------+--------+--------+--------+-----+--------+

Top non-repeatable levels by time:
  Lair:2: 1746 daAuts
    D:11: 1632 daAuts
  Lair:3: 1497 daAuts
     D:9: 1437 daAuts
  Lair:4: 1392 daAuts
     D:1: 1253 daAuts
   Orc:2: 1202 daAuts
    D:10: 1195 daAuts
  Lair:1: 1136 daAuts
  Lair:5: 1122 daAuts
     D:6: 1096 daAuts
     D:4: 1020 daAuts
    D:12: 943 daAuts
     D:7: 920 daAuts
     D:5: 850 daAuts
